 Dungeon Crawl Stone Soup version 0.17.0-23-g0de4337 (webtiles) character file.

67 MTVSty1e the Insei (level 4, 0/36 HPs)
             Began as a Draconian Transmuter on Nov 13, 2015.
             Succumbed to a kobold's poison
             ... on level 3 of the Dungeon.
             The game lasted 00:11:21 (3080 turns).

MTVSty1e the Insei (Draconian Transmuter)           Turns: 3080, Time: 00:11:21

Health: 0/36       AC:  6    Str: 12    XL:     4   Next: 0%
Magic:  7/7        EV: 13    Int: 13    God:
Gold:   141        SH:  0    Dex: 13    Spells: 1 memorised, 6 levels left

rFire  . . .     SeeInvis .       - Unarmed
rCold  . . .     Clarity  .     (armour unavailable)
rNeg   . . .     SustAt   .     (no shield)
rPois  .         Gourm    .     (helmet restricted)
rElec  .         Spirit   .     (no cloak)
rCorr  .         Warding  .     (no gloves)
rMut   .         Stasis   .     i - +0 pair of boots
MR     .....                    (no amulet)
Stlth  ++........               (no ring)
                                (no ring)

@: lethally poisoned (0 -> -22), not resistant to hostile enchantments,
unstealthy
A: unfitting armour, cold-blooded, AC +5
a: no special abilities


You were on level 3 of the Dungeon.
You were not hungry.

You visited 1 branch of the dungeon, and saw 4 of its levels.

You collected 141 gold pieces.

Inventory:

Missiles
 a - 75 arrows
 f - 15 poisoned arrows
 n - 3 javelins (quivered)
Armour
 e - a +1 pair of gloves
 i - a +0 pair of boots (worn)
Scrolls
 g - a scroll of noise {unknown}
 k - a scroll of enchant weapon
 l - a scroll of teleportation {unknown}
 m - a scroll of remove curse {unknown}
Potions
 j - a potion of brilliance
Books
 b - a book of Changes

   Spells                             Type                      Level
   a - Beastly Appendage              Transmutation                1
   b - Sticks to Snakes               Transmutation                2
   c - Spider Form                    Transmutation/Poison         3
   d - Ice Form                       Ice/Transmutation            4
   e - Blade Hands                    Transmutation                5
Comestibles
 c - 2 bread rations
 d - 2 slices of pizza


   Skills:
 + Level 1.8 Fighting
 + Level 2.7 Dodging
 + Level 1.0 Stealth
 + Level 3.6 Unarmed Combat
 + Level 2.0 Spellcasting
 + Level 2.2 Transmutations


You had 6 spell levels left.
You knew the following spells:

 Your Spells              Type           Power        Failure   Level  Hunger
a - Beastly Appendage     Trmt           #.....       12%         1    ##.....


Dungeon Overview and Level Annotations

Branches:
Dungeon (4/15)
 Temple: D:4-7

Altars:
Yredelemnul

Annotations:
D:4 Grinder


Innate Abilities, Weirdness & Mutations

Your plain brown scales are hard (AC +5).
Your body does not fit into most forms of armour.
You are cold-blooded and may be slowed by cold attacks.


Message History

You see here a sling bullet.
* * * LOW HITPOINT WARNING * * *
You feel very sick.
* * * LOW HITPOINT WARNING * * *
You feel sick.
The goblin shoots a sling bullet.
The sling bullet hits you but does no damage.
The kobold shoots a poisoned needle.
The poisoned needle barely misses you.
Things that are here:
a poisoned needle; 2 sling bullets
* * * LOW HITPOINT WARNING * * *
You feel sick.
The kobold shoots a poisoned needle.
The poisoned needle misses you.
You see here a poisoned needle.
* * * LOW HITPOINT WARNING * * *
You feel sick.
The kobold shoots a poisoned needle.
The poisoned needle completely misses you.
You see here a poisoned needle.
* * * LOW HITPOINT WARNING * * *
You feel sick.
You die...

†≈# #.............##...........
.≈# #.............##...........
≈≈# #.............##...........
### #.............##...[.g.....
#.............##...........
################...........
####### #...........
###########.....######...........
..(.(...........@.(((...........#
###########.....#...##########...
#.....#.#.# #... ##.##.#.#(# #.#.
#..#....#(# #.#. #.##..###(# #.##
#.<#..# #K# #.# #.....# #.# #.#
#.....# #(# #.#


There were no monsters in sight!

Vanquished Creatures
  2 adders (D:3)
  An ooze (D:1)
  A worm (D:3)
  8 bats
  2 giant cockroaches (D:3)
  2 gnoll zombies (D:3)
  5 goblins
  3 hobgoblins
  3 jackals
  A quokka (D:3)
  2 ball pythons
  2 giant geckos
  5 giant newts
  7 rats
44 creatures vanquished.

Notes
Turn   | Place    | Note
--------------------------------------------------------------
     0 | D:1      | MTVSty1e the Draconian Transmuter began the quest for the Orb.
     0 | D:1      | Reached XP level 1. HP: 16/16 MP: 3/3
   312 | D:1      | Reached XP level 2. HP: 23/23 MP: 5/5
  1925 | D:2      | Reached XP level 3. HP: 26/28 MP: 6/6
  2839 | D:3      | You fall through a shaft!
  2839 | D:4      | Noticed Grinder
  2862 | D:3      | Reached skill level 1 in Stealth
  2973 | D:3      | Reached XP level 4. HP: 34/36 MP: 7/7
  2980 | D:3      | Found a basalt altar of Yredelemnul.
  3080 | D:3      | Succumbed to a kobold's poison

Action                   |  1- 3 |  4- 6 || total
-------------------------+-------+-------++-------
Melee: Unarmed           |   157 |       ||   157
  Use: Scroll            |     2 |       ||     2
       Potion            |     6 |       ||     6
  Eat: Bread ration      |     2 |       ||     2
